 Dungeon Crawl Stone Soup version 0.29.0-4-gdea44cf6ec (webtiles) character file.

Game seed: 6612758558636309166

972 qw the Chopper (level 8, -23/49 HPs)
             Began as a Gargoyle Fighter on Sept 6, 2022.
             Annihilated by an ogre
             ... wielding a +0 giant club
              (28 damage)
             ... on level 5 of the Dungeon.
             The game lasted 00:01:49 (4478 turns).

qw the Chopper (Gargoyle Fighter)                   Turns: 4478, Time: 00:01:50

Health: -23/49     AC: 15    Str: 22    XL:     8   Next: 16%
Magic:  8/8        EV:  7    Int:  9    God:
Gold:   7          SH:  4    Dex:  9    Spells: 7/7 levels left

rFire   . . .      SeeInvis .   Y - +0 war axe
rCold   . . .      Faith    .   c - +0 buckler
rNeg    + . .      Spirit   .   i - +0 chain mail
rPois   inf        Reflect  .   (no helmet)
rElec   +          Harm     .   k - +0 cloak
rCorr   .          Rampage  .   (no gloves)
Will    .....                   (no boots)
Stlth   ..........              (no amulet)
HPRegen 0.16/turn               (no ring)
MPRegen 0.11/turn               (no ring)

@: about to teleport
A: sickness immunity, AC +5, negative energy resistance 1, electricity
resistance, torment resistance 1, petrification resistance
a: no special abilities


You were on level 5 of the Dungeon.
You visited 1 branch of the dungeon, and saw 5 of its levels.

You collected 203 gold pieces.
You spent 196 gold pieces at shops.


Innate Abilities, Weirdness & Mutations

You are immune to sickness and miasma.
Your stone body is resilient. (AC +5)
You are immune to poison.
You resist negative energy. (rN+)
You are resistant to electric shocks. (rElec)
You are resistant to unholy torment.
You are immune to petrification.


   Skills:
 - Level 5.1 Fighting
 + Level 7.7 Axes
 - Level 3.2 Armour
 - Level 1.3 Dodging
 - Level 3.2 Shields


You had 7 spell levels left.
You didn't know any spells.
Your spell library was empty.

Inventory:

Hand Weapons
 g - a +0 morningstar
 Y - a +0 war axe (weapon)
Armour
 c - a +0 buckler (worn)
 i - a +0 chain mail (worn)
 k - a +0 cloak (worn)
Scrolls
 e - a scroll of identify
Potions
 a - a potion of cancellation
 b - a potion of haste
 d - 2 potions of might
 f - a potion of attraction

Dungeon Overview and Level Annotations

Branches:
Dungeon (5/15)
 Temple: D:4-7

Altars:
Dithmenos
Kikubaaqudgha
Qazlal
Trog
Vehumet

Shops:
D:5 !(


Message History

You hit the ice beast.
The ice beast is moderately wounded.
The ice beast hits you but does no damage.
You slash the ice beast!
The ice beast is severely wounded.
The ice beast hits you but does no damage. x2
You barely miss the ice beast.
The ice beast is severely wounded.
The ice beast hits you but does no damage.
You slash the ice beast!
The ice beast is almost dead.
The ice beast hits you but does no damage.
You barely miss the ice beast.
The ice beast is almost dead.
The ice beast closely misses you.
You hit the ice beast.
You kill the ice beast!
Found a club.
Found a whip and a hammer.
Found three hammers.
You hit the ogre.
The ogre is lightly wounded.
The ogre hits you with a +0 giant club!
You hit the ogre.
The ogre is moderately wounded.
The ogre hits you with a +0 giant club!!
You hit the ogre.
The ogre is moderately wounded.
The ogre hits you with a +0 giant club!
4476 ||| READING scroll of teleportation.
As you read the scroll of teleportation, it crumbles to dust.
You feel strangely unstable.
You barely miss the ogre.
The ogre is moderately wounded.
The ogre barely misses you.
You slash the ogre!
The ogre is severely wounded.
The ogre hits you with a +0 giant club!!
Ouch! That really hurt!
You die...

#.........# ##...##.....#..##..
##.......#####...##............
...>.....##...#.##.........#..
#....(..#.....#........#.#.#..
.......................#.#....
#.#.#.#.#.........#...........
##......#.###.#..##......###..
#...................
#......#.###@.......
#...........O.......
#####.#####..#####.. .. .... ..
).... .)....) #.....).
#)....)..


You could see an ogre.

Vanquished Creatures
  Sigmund (D:5)
  An ice beast (D:5)
  An ogre (D:4)
  A phantom (D:5)
  2 scorpions (D:5)
  A howler monkey (D:4)
  2 hounds (D:5)
  An orc priest (D:5)
  Ijyb (D:5)
  2 iguanas
  2 orc wizards (D:5)
  3 gnolls (D:4)
  9 adders
  An ufetubus (D:4)
  5 worms
  A dart slug (D:1)
  An orc (D:5)
  3 bats
  5 endoplasms
  3 giant cockroaches
  4 goblins
  2 hobgoblins
  9 jackals
  8 kobolds
  2 quokkas
  6 ball pythons
  A frilled lizard (D:2)
  A rat (D:1)
79 creatures vanquished.

Vanquished Creatures (others)
  A human (D:4)
1 creature vanquished.

Grand Total: 80 creatures vanquished

Notes
Turn   | Place    | Note
-------+----------+-------------------------------------------
     0 | D:1      | qw the Gargoyle Fighter began the quest for the Orb.
     0 | D:1      | Reached XP level 1. HP: 14/14 MP: 1/1
     0 | D:1      | 0 ||| qw: Version: 0.1-a-108-g9e35731
     0 | D:1      | 0 ||| qw: Game counter: 6222
     0 | D:1      | 0 ||| qw: Always use a shield: true
     0 | D:1      | 0 ||| qw: God list: Okawaru
     0 | D:1      | 0 ||| qw: Allow faded altars: false
     0 | D:1      | 0 ||| qw: Do Orc after D:15 true
     0 | D:1      | 0 ||| qw: Do second Lair branch before Depths: true
     0 | D:1      | 0 ||| qw: Lair rune preference: random
     0 | D:1      | 0 ||| qw: Plans: Normal, Zot, God:TSO, Crypt, Tomb, Zig,
                  | Orb
     0 | D:1      | 0 ||| PLANNING D:1-11
    30 | D:1      | 30 ||| Stepping ~*~*~tactically~*~*~ (stealth).
    35 | D:1      | Reached skill level 2 in Axes
   218 | D:1      | 218 ||| Stepping ~*~*~tactically~*~*~ (stealth).
   229 | D:1      | Reached XP level 2. HP: 19/19 MP: 2/2
   232 | D:1      | Found a faded altar of an unknown god.
   287 | D:1      | 287 ||| Stepping ~*~*~tactically~*~*~ (stealth).
   289 | D:1      | 289 ||| Stepping ~*~*~tactically~*~*~ (stealth).
   290 | D:1      | 290 ||| Stepping ~*~*~tactically~*~*~ (stealth).
   292 | D:1      | 292 ||| Stepping ~*~*~tactically~*~*~ (stealth).
   355 | D:1      | 355 ||| Stepping ~*~*~tactically~*~*~ (stealth).
   364 | D:1      | 364 ||| Stepping ~*~*~tactically~*~*~ (hiding).
   365 | D:1      | 365 ||| Stepping ~*~*~tactically~*~*~ (hiding).
   560 | D:1      | 560 ||| DROPPING ring of magical power.
   561 | D:1      | 561 ||| READING scroll labelled QYILEACOBE.
   647 | D:2      | HP: 2/19 [worm (8)]
   650 | D:2      | Reached skill level 3 in Axes
   946 | D:2      | Reached XP level 3. HP: 21/23 MP: 3/3
  1120 | D:2      | 1120 ||| Stepping ~*~*~tactically~*~*~ (stealth).
  1126 | D:2      | Reached XP level 4. HP: 28/28 MP: 4/4
  1199 | D:2      | Reached skill level 4 in Axes
  1838 | D:2      | 1838 ||| UPGRADING to +0 chain mail.
  1848 | D:2      | 1848 ||| DROPPING +0 scale mail.
  1849 | D:2      | 1849 ||| UPGRADING to +0 cloak.
  1854 | D:2      | 1854 ||| READING 2 scrolls labelled FASUTU FAMNU.
  1855 | D:2      | 1855 ||| READING scroll labelled GYTIOR ULUMM.
  1856 | D:2      | 1856 ||| READING scroll labelled PEWUEFYTRI.
  1857 | D:2      | 1857 ||| READING scroll labelled YKHENE HUN TIL.
  1858 | D:2      | 1858 ||| DRINKING 2 white potions.
  1859 | D:2      | 1859 ||| DROPPING potion of flight.
  1860 | D:2      | 1860 ||| DROPPING scroll of magic mapping.
  1936 | D:3      | Found a bloodstained altar of Trog.
  2109 | D:3      | 2109 ||| DROPPING +0 club.
  2309 | D:3      | Found a radiant altar of Vehumet.
  2445 | D:3      | Reached XP level 5. HP: 30/32 MP: 5/5
  2533 | D:3      | 2533 ||| DROPPING +6 ring of intelligence.
  2534 | D:3      | 2534 ||| READING scroll labelled MYGEUCWEKA.
  2535 | D:3      | 2535 ||| DRINKING 2 yellow potions.
  2536 | D:3      | 2536 ||| DRINKING 2 black potions.
  2537 | D:3      | 2537 ||| READING 4 scrolls of identify.
  2537 | D:3      | 2537 ||| IDENTIFYING red potion
  2538 | D:3      | 2538 ||| READING 3 scrolls of identify.
  2538 | D:3      | 2538 ||| IDENTIFYING amethyst potion
  2539 | D:3      | 2539 ||| DROPPING potion of ambrosia.
  2540 | D:3      | 2540 ||| DROPPING potion of berserk rage.
  2755 | D:4      | 2755 ||| DROPPING +0 mace.
  2766 | D:4      | Reached skill level 5 in Axes
  2941 | D:4      | Noticed an ogre
  2946 | D:4      | Killed an ogre
  2947 | D:4      | Reached XP level 6. HP: 23/39 MP: 6/6
  3325 | D:4      | Found a stormy altar of Qazlal.
  3510 | D:4      | Found an ancient bone altar of Kikubaaqudgha.
  3513 | D:4      | Noticed a human
  3514 | D:4      | Killed a human
  3617 | D:4      | 3617 ||| READING scroll labelled FUGHO VOUW.
  3718 | D:4      | 3718 ||| READING 3 scrolls of identify.
  3718 | D:4      | 3718 ||| IDENTIFYING inky potion
  3719 | D:4      | 3719 ||| READING 2 scrolls of identify.
  3719 | D:4      | 3719 ||| IDENTIFYING sapphire potion
  3765 | D:5      | Entered Level 5 of the Dungeon
  3790 | D:5      | 3790 ||| Stepping ~*~*~tactically~*~*~ (hiding).
  3798 | D:5      | 3798 ||| Stepping ~*~*~tactically~*~*~ (hiding).
  3804 | D:5      | 3804 ||| DRINKING potion of curing.
  3804 | D:5      | 3804 ||| (to cure confusion)
  3819 | D:5      | HP: 1/39 [something/magic dart (10)]
  3820 | D:5      | 3820 ||| DRINKING potion of heal wounds.
  3849 | D:5      | Noticed Ijyb
  3865 | D:5      | Killed Ijyb
  3866 | D:5      | Reached skill level 6 in Axes
  3866 | D:5      | Reached XP level 7. HP: 14/44 MP: 7/7
  4114 | D:5      | Reached skill level 1 in Dodging
  4115 | D:5      | Noticed Sigmund
  4124 | D:5      | Killed Sigmund
  4126 | D:5      | 4126 ||| Stepping ~*~*~tactically~*~*~ (stealth).
  4129 | D:5      | 4129 ||| Stepping ~*~*~tactically~*~*~ (stealth).
  4186 | D:5      | Found Rohett's Distillery.
  4187 | D:5      | Found Huqy's Antique Weapon Shoppe.
  4194 | D:5      | 4194 ||| BUYING morningstar (100 gold).
  4194 | D:5      | Bought a morningstar for 100 gold pieces
  4194 | D:5      | 4194 ||| DROPPING +0 flail.
  4200 | D:5      | 4200 ||| BUYING potion of cancellation (96 gold).
  4200 | D:5      | Bought a potion of cancellation for 96 gold pieces
  4200 | D:5      | 4200 ||| SHOPLISTING potion of lignification (36 gold, have
                  | 7).
  4236 | D:5      | Reached skill level 7 in Axes
  4349 | D:5      | Found a shadowy altar of Dithmenos.
  4408 | D:5      | Reached XP level 8. HP: 47/49 MP: 8/8
  4416 | D:5      | 4416 ||| Stepping ~*~*~tactically~*~*~ (stealth).
  4417 | D:5      | 4417 ||| Stepping ~*~*~tactically~*~*~ (stealth).
  4418 | D:5      | 4418 ||| Stepping ~*~*~tactically~*~*~ (stealth).
  4419 | D:5      | 4419 ||| Stepping ~*~*~tactically~*~*~ (stealth).
  4446 | D:5      | 4446 ||| Stepping ~*~*~tactically~*~*~ (stealth).
  4447 | D:5      | 4447 ||| Stepping ~*~*~tactically~*~*~ (stealth).
  4475 | D:5      | HP: 5/49 [ogre/+0 giant club (12)]
  4476 | D:5      | 4476 ||| READING scroll of teleportation.
  4478 | D:5      | Annihilated by an ogre

Levels and vault maps discovered:
D:1:      lemuel_arrival_rhombus, layout_basic,
          hellmonk_ecumenical_altar_crossroads
D:2:      layout_loops_ring, kennysheep_cross_room, st_stairs_12
D:3:      layout_loops_cross, bloody_trog, nicolae_vehumet_altar_sigil,
          hangedman_decor_points, minmay_misc_feat_cross, minmay_misc_feat_iff
D:4:      layout_basic, mainiacjoe_overflow_chevrons, tgw_kikubaaqudgha,
          amcnicky_mini_pool_small
D:5:      layout_rooms, grunt_dithmenos_smoke, nicolae_wooded_promenade,
          st_stairs_4, kennysheep_generic_room_6, uniq_ijyb, uniq_sigmund,
          uniq_crazy_yiuf_cottage

Skill      XL: |  1  2  3  4  5  6  7 |
---------------+----------------------+-----
Axes           | 2 3 4 5 6 7 |  7.7
Fighting       | 4 5 |  5.1
Dodging        | 1 |  1.3
Armour         | |  3.2
Shields        | |  3.2

Action                   |  1- 3 |  4- 6 |  7- 9 || total
-------------------------+-------+-------+-------++-------
Melee: War axe           |    77 |   175 |    60 ||   312
  Use: Scroll            |     1 |    10 |     1 ||    12
       Potion            |       |     5 |       ||     5
Armor: Scale mail        |    42 |    22 |       ||    64
       Chain mail        |       |   116 |    33 ||   149
Dodge: Dodged            |    34 |    52 |    14 ||   100
Block: Buckler           |    12 |    17 |     5 ||    34

Table legend:
 A = Non-vault XP
 B = Vault XP
 C = Vault XP percentage of total XP
 D = Non-vault monster count
 E = Vault monster count
 F = Vault count percentage of total count
                 A         B        C        D         E       F
            +---------+---------+-------+---------+---------+-------
      Total |    1114 |     275 |  19.8 |      75 |       4 |   5.1
            +---------+---------+-------+---------+---------+-------
        D:1 |      25 |       0 |   0.0 |      15 |       0 |   0.0
        D:2 |     107 |      13 |  10.8 |      22 |       1 |   4.3
        D:3 |      34 |       0 |   0.0 |      10 |       0 |   0.0
        D:4 |     299 |       0 |   0.0 |      15 |       0 |   0.0
        D:5 |     649 |     262 |  28.8 |      13 |       3 |  18.8
            +---------+---------+-------+---------+---------+-------
